 Dungeon Crawl Stone Soup version 0.26.1-11-gd32895ea62 (webtiles) character file.

Game seed: 9573233355169080117

308 bnorton916 the Magician (level 6, 0/32 HPs)
             Began as a Deep Elf Conjurer on July 19, 2021.
             Slain by a gnoll
             ... wielding a +2 spear of pain
              (1 damage)
             ... on level 4 of the Dungeon.
             The game lasted 00:04:11 (3806 turns).

bnorton916 the Magician (Deep Elf Conjurer)         Turns: 3806, Time: 00:04:12

Health: 0/32       AC:  2    Str:  5    XL:     6   Next: 16%
Magic:  15/17      EV: 13    Int: 24    God:
Gold:   177        SH:  0    Dex: 13    Spells: 15/18 levels left

rFire    . . .     SeeInvis .   o - +6 rapier (elec)
rCold    . . .     Faith    .   (no shield)
rNeg     . . .     Spirit   .   a - +0 robe
rPois    .         Reflect  .   (no helmet)
rElec    .         Harm     .   k - scarf {shadows}
rCorr    .         Rampage  .   (no gloves)
Will     .....                  (no boots)
Stlth    +.........             (no amulet)
HPRegen  0.10/turn              (no ring)
MPRegen  0.15/turn              (no ring)

@: glowing
A: no striking features
a: no special abilities


You were on level 4 of the Dungeon.
You visited 1 branch of the dungeon, and saw 4 of its levels.

You collected 177 gold pieces.

Inventory:

Hand Weapons
 o - a +6 rapier of electrocution (weapon)
Missiles
 m - 93 stones
Armour
 a - a +0 robe (worn)
 k - a scarf of shadows (worn)
Scrolls
 b - a scroll of noise {unknown}
 e - 3 scrolls of teleportation {unknown}
 f - 2 scrolls of enchant armour {unknown}
 g - 2 scrolls of blinking
 h - 2 scrolls of remove curse
 i - a scroll of fog {unknown}
 n - a scroll of random uselessness {unknown}
Potions
 c - 2 potions of haste
 d - a potion of attraction
 j - 2 potions of heal wounds
 l - a potion of curing
 p - a potion of lignification {unknown}


   Skills:
 - Level 2.4 Dodging
 - Level 2.4 Stealth
 + Level 6.5 Spellcasting
 + Level 6.5 Conjurations


You had 15 spell levels left.
You knew the following spells:

 Your Spells              Type           Power        Failure   Level
a - Magic Dart            Conj           76%          1%          1
b - Searing Ray           Conj           38%          1%          2

Your spell library contained the following spells:

 Spells                   Type           Power        Failure   Level
 Dazzling Flash           Conj/Hex       22%          6%          3
 Fulminant Prism          Conj/Hex       5%           19%         4
 Iskenderun's Mystic Bla  Conj/Tloc      11%          19%         4


Dungeon Overview and Level Annotations

Branches:
Dungeon (4/15)
 Temple: D:4-7

Altars:
Fedhas
Qazlal
The Shining One


Message History

The gnoll shaman mumbles some strange prayers to its god against you.
You are outlined in light.
The gnoll hits you but does no damage.
You writhe in agony.
* * * LOW HITPOINT WARNING * * *
The gnoll shaman calls upon its god to speed up the gnoll.
The gnoll seems to speed up.
Casting: Searing Ray (safe; 1% risk of failure)
Confirm with . or Enter, or press ? or * to list all spells.
Aiming: Searing Ray (safe; 1% risk of failure)
Press: ? - help, Shift-Dir - straight line, f - gnoll
Aim: a gnoll, wielding a +2 spear of pain (fast, 19% to evade)
You feel a numb sensation.
The searing ray hits the gnoll shaman!
The gnoll shaman is severely wounded.
The searing ray hits the gnoll.
The gnoll is moderately wounded. (Press . to maintain the ray.)
The gnoll hits you from afar with a +2 spear of pain.
* * * LOW HITPOINT WARNING * * *
You writhe in agony.
You die...

.# .# #.# .# #.#
.###.#.##### ##
g.?..#.....# #.
####+#g....+....(# #.
#....@######.....####.
#.....'...............
#.....##############..
#.....# #.. #.....#
####.. #...... ...)..
.......# ####..
##.....# #.. .)..


You could see a gnoll shaman and a gnoll (fast).

Vanquished Creatures
  Grinder (D:4)
  A hound (D:4)
  A gnoll (D:4)
  2 dart slugs
  3 leopard geckos
  An orc (D:3)
  7 bats
  4 giant cockroaches
  2 goblins (D:1)
  9 hobgoblins
  8 jackals
  3 quokkas
  A ball python skeleton (D:4)
  8 frilled lizards
  5 kobolds
  7 rats
63 creatures vanquished.

Vanquished Creatures (others)
  A fungus (D:2)
  A plant (D:2)
2 creatures vanquished.

Grand Total: 65 creatures vanquished

Notes
Turn   | Place    | Note
-------+----------+-------------------------------------------
     0 | D:1      | bnorton916 the Deep Elf Conjurer began the quest for the
                  | Orb.
     0 | D:1      | Reached XP level 1. HP: 10/10 MP: 6/6
   243 | D:1      | Reached XP level 2. HP: 15/15 MP: 5/8
  1316 | D:2      | Found a blossoming altar of Fedhas.
  1375 | D:2      | Found a stormy altar of Qazlal.
  1452 | D:2      | Reached skill level 5 in Conjurations
  1452 | D:2      | Reached XP level 3. HP: 19/19 MP: 8/10
  1455 | D:2      | Learned a level 2 spell: Searing Ray
  1894 | D:2      | Found a glowing golden altar of the Shining One.
  3106 | D:3      | Reached XP level 4. HP: 24/24 MP: 9/12
  3544 | D:4      | Noticed Grinder
  3551 | D:4      | Reached skill level 5 in Spellcasting
  3554 | D:4      | Killed Grinder
  3555 | D:4      | Reached XP level 5. HP: 17/28 MP: 4/16
  3555 | D:4      | Reached XP level 6. HP: 20/32 MP: 4/17
  3806 | D:4      | HP: 1/32 [gnoll/+2 spear of pain (6)]
  3806 | D:4      | Slain by a gnoll

Illustrated notes

Levels and vault maps discovered:
D:1:      dpeg_arrival_line_fractal, layout_basic
D:2:      layout_loops_ring, grunt_temple_overflow_forces_of_nature,
          nicolae_tso_carved_into_rock, serial_glass, glass_columns_c,
          glass_columns_a
D:3:      kennysheep_big_flooded_room, layout_loops_ring, serial_park_tiny_pond
D:4:      layout_basic, marbit_many_paths, nicolae_overflow_hidden_temple,
          uniq_grinder

Skill      XL: |  1  2  3  4 |
---------------+-------------+-----
Spellcasting   | 4 6 |  6.5
Conjurations   | 5 6 |  6.5
Dodging        | |  2.4
Stealth        | |  2.4

Action                   |  1- 3 |  4- 6 || total
-------------------------+-------+-------++-------
Melee: Rapier            |       |     6 ||     6
 Cast: Magic Dart        |   109 |    10 ||   119
       Searing Ray       |       |     2 ||     2
  Use: Scroll            |     7 |       ||     7
Armor: Robe              |     3 |     1 ||     4
Dodge: Dodged            |     9 |     3 ||    12
